cohdb
Replays
Latest Replays
All Replays
Popular Replays
Top Player Replays
Match Explorer
How It Works
Community
CoH3 Stats
Reddit
Sign in to upload your games and track your stats! →
Sign in with Steam
Match 43684593
Unlisted
Match 43684593
Overview
Messages
Build Orders
End
Pioneer Squad
Pioneer Squad
Construct Infanterie Kompanie
MG 42 Machine Gun Team
Selects Mechanized Battlegroup
Grenadier Squad
Grenadier Squad
Construct Panzergrenadier Kompanie
251 Medium Carrier
251 Medium Carrier
Panzergrenadier Squad
Selects Raid Package
MG 42 Bunker
Panzergrenadier Squad
Pak 40 Anti-tank Gun Team
Selects 8 Rad Armored Car
Selects Mobile Repair Stations
Construct Panzer Kompanie
Panzer IV Medium Tank
Selects Stoßtruppen Assault Package
Panzer IV Medium Tank
UH|ck
insane
iceman
DOLPHSTALLONE
Rudie8777
Steel Striker
0
0
Comments
sign in to comment!
No comments posted yet!